 Dungeon Crawl Stone Soup version 0.29-a0-330-g52719c12eb (webtiles) character file.

Game seed: 17112419413539554896

2886 mopl the Nimble (level 9, -4/111 HPs)
             Began as a Gnoll Monk on Apr 16, 2022.
             Was a Believer of Uskayaw.
             Slain by an orc warrior
             ... wielding a +0 spear
              (8 damage)
             ... in a bailey.
             The game lasted 00:11:25 (7336 turns).

mopl the Nimble (Gnoll Monk)                        Turns: 7336, Time: 00:11:25

Health: -4/111     AC: 24    Str: 15    XL:     9   Next: 77%
Magic:  15/15      EV:  2    Int: 10    God:    Uskayaw [**....]
Gold:   431        SH:  0    Dex: 14    Spells: 17/17 levels left

rFire   + . .      SeeInvis +   a - +5 flail of Ceott {flame, rF+ SInv Stlth+}
rCold   . . .      Faith    .   (no shield)
rNeg    . . .      Spirit   .   (body armour currently unavailable)
rPois   +          Reflect  .   (helmet currently unavailable)
rElec   .          Harm     .   (cloak currently unavailable)
rCorr   .          Rampage  .   (gloves currently unavailable)
Will    .....      NoTele   +   (boots currently unavailable)
Stlth   ++++......              (no amulet)
HPRegen 0.28/turn               (no ring)
MPRegen 0.14/turn               (no ring)

@: tree-form
A: stationary, stasis, torment immunity, boosted hp, (fangs 1), strong nose,
distributed training
a: Renounce Religion, Stomp, Line Pass


You were in a bailey.
You worshipped Uskayaw.
Uskayaw was noncommittal.
You were a tree.
You visited 2 branches of the dungeon, and saw 10 of its levels.
You also visited: Bailey.

You collected 431 gold pieces.

Inventory:

Hand Weapons
 a - the +5 flail of Ceott (weapon) {flame, rF+ SInv Stlth+}
   (You found it on level 4 of the Dungeon)

   It burns those it strikes, dealing additional fire damage.
   rF:        It protects you from fire.
   SInv:      It lets you see invisible.
   Stlth:     It makes you more stealthy.
 b - a +0 hunting sling
 x - a +2 quarterstaff of chaos
 z - a +0 mace
 B - a +1 vorpal spear
Missiles
 e - 135 stones
 o - 7 poisoned darts (quivered)
 s - 11 boomerangs
 H - 5 silver javelins
Armour
 d - a +0 robe of resistance
 i - a +0 pair of gloves (melded)
 u - a +1 chain mail of fire resistance (melded)
 y - a +0 cloak (melded)
Jewellery
 h - a +6 ring of dexterity
Wands
 t - a wand of digging (1)
 I - a wand of polymorph (2)
 J - a wand of flame (2)
Scrolls
 f - 2 scrolls of teleportation {unknown}
 j - 4 scrolls of amnesia
 k - a scroll of silence {!r}
 r - a scroll of brand weapon {unknown}
 w - a scroll of vulnerability {unknown}
 A - a scroll of acquirement {unknown}
 D - 2 scrolls of immolation {unknown}
 E - a scroll of blinking {unknown}
 G - a scroll of magic mapping {unknown}
Potions
 c - a potion of ambrosia
 g - 2 potions of lignification {!q}
 l - 2 potions of curing
 m - a potion of might
 n - a potion of haste {unknown}
 p - a potion of mutation {unknown}
 q - 2 potions of heal wounds {unknown}
 v - a potion of brilliance
 C - 3 potions of degeneration {unknown}
 F - 2 potions of flight {unknown}
 K - a potion of magic {unknown}


   Skills:
 + Level 8.1 Fighting
 + Level 4.5 Short Blades
 + Level 4.5 Long Blades
 + Level 4.5 Axes
 + Level 8.1 Maces & Flails
 + Level 4.5 Polearms
 + Level 4.5 Staves
 + Level 4.5 Slings
 + Level 4.5 Bows
 + Level 4.5 Crossbows
 + Level 4.5 Throwing
 + Level 4.5 Armour
 + Level 8.1 Dodging
 + Level 6.2 Stealth
 + Level 4.5 Shields
 + Level 4.5 Unarmed Combat
 + Level 4.5 Spellcasting
 + Level 3.7 Conjurations
 + Level 3.7 Hexes
 + Level 3.7 Summonings
 + Level 3.7 Necromancy
 + Level 3.7 Translocations
 + Level 3.7 Transmutations
 + Level 3.7 Fire Magic
 + Level 3.7 Ice Magic
 + Level 3.7 Air Magic
 + Level 3.7 Earth Magic
 + Level 3.7 Poison Magic
 + Level 5.0 Invocations
 + Level 4.5 Evocations


You had 17 spell levels left.
You didn't know any spells.
Your spell library contained the following spells:

 Spells                   Type           Power      Damage    Failure   Level
 Sandblast                Erth           18%        2d7       4%          1
 Passwall                 Tmut/Erth      7%         N/A       8%          2
 Stone Arrow              Conj/Erth      18%        3d8       16%         3


Dungeon Overview and Level Annotations

Branches:
Dungeon (9/15)             Temple (1/1) D:5             Orc (0/2) D:9
 Bailey (1/1)
   Lair: D:8-11

Altars:
Cheibriados
Dithmenos
Gozag
Hepliaklqana
Makhleb
Okawaru
Qazlal
Ru
Trog
Uskayaw
Vehumet
Wu Jian
Xom
Yredelemnul
Zin
The Shining One

Shops:
D:3 [:[   D:8 :

Annotations:
D:3 dig


Innate Abilities, Weirdness & Mutations

You are a tree.
Your roots penetrate the ground, keeping you stationary.
You cannot be teleported.
You are immune to unholy pain and torment.
Your maximum health is greatly increased.
Your equipment is partially melded.
((You have very sharp teeth.))
Your uncanny sense of smell can sniff out nearby items.
Your experience applies equally to all skills.


Message History

The orc warrior is moderately wounded.
The orc closely misses you.
The orc warrior hits you with a +0 spear.
The orc hits you but does no damage.
You closely miss the orc warrior.
The orc warrior is moderately wounded.
The orc barely misses you. The orc closely misses you.
You hit the orc. You burn the orc.
The orc is moderately wounded.
The orc hits you but does no damage.
The orc warrior hits you from afar with a +0 glaive.
The orc warrior hits you with a +0 spear.
The orc hits you with a +0 spear.
You hit the orc. You burn the orc.
The orc is severely wounded.
The orc hits you but does no damage.
The orc warrior hits you from afar with a +0 glaive.
The orc warrior hits you but does no damage.
The orc hits you with a +0 spear.
* * * LOW HITPOINT WARNING * * *
You can now pass through a line of other dancers.
You completely miss the orc.
The orc is severely wounded.
The orc barely misses you.
The orc warrior hits you but does no damage.
The orc warrior hits you with a +0 spear!
* * * LOW HITPOINT WARNING * * *
The orc barely misses you.
Okay, then.
Really quaff
g - 3 potions of lignification {!q}?
Really quaff the potion of lignification?
You turn into a tree.
Your +0 cloak melds into your body.
Your +0 pair of gloves melds into your body.
Your +1 chain mail of fire resistance melds into your body.
You feel less resistant to fire.
Your roots penetrate the ground.
The orc hits you but does no damage.
The orc warrior hits you from afar with a +0 glaive!
* * * LOW HITPOINT WARNING * * *
The orc warrior hits you with a +0 spear!
You die...

♣........♣ #♣..∩..∩..♣#
#..........#
##..........##
###............#
♣♣............♣.#
#♣..♣.♣....)..♣♣.###
#≈≈................♣♣
#≈≈≈....#o♣..#......♣♣
#≈≈≈≈≈≈≈#o.o.#≈≈≈≈...♣
#≈≈≈≈≈≈≈#.o..#≈≈≈≈≈≈.♣
#≈≈≈≈≈≈≈#....#≈≈≈≈≈≈≈♣♣#
#♣♣≈≈≈≈≈#....#≈≈≈≈≈≈≈≈≈#
♣♣♣♣...#....#...≈≈≈≈≈≈#
#♣....♣............≈≈≈≈#
#...................≈≈≈#
#..####........####..≈≈#


You could see 2 orc warriors and 2 orcs.

Vanquished Creatures
  Grinder (D:3)
  4 yaks
  Sigmund (D:4)
  Menkaure (D:5)
  A warg (D:9)
  Edmund (D:4)
  Duvessa (D:4)
  A water moccasin (D:9)
  2 orc warriors
  2 centaurs (D:9)
  A kobold brigand (D:9)
  A necrophage (D:4)
  2 scorpions (D:4)
  3 wights
  Dowan (D:4)
  4 hounds
  A jelly (D:5)
  3 orc priests
  Crazy Yiuf (D:3)
  Terence (D:2)
  2 orc wizards (D:9)
  3 gnolls
  11 adders
  A worm (D:2)
  3 dart slugs
  12 orcs
  7 ball pythons
  5 endoplasms
  2 giant cockroaches
  12 goblins
  13 hobgoblins
  3 quokkas
  12 bats
  5 frilled lizards
  12 kobolds
  7 rats
143 creatures vanquished.

Vanquished Creatures (others)
  An orc wizard (D:9)
  12 fungi (D:2)
  3 toadstools (D:2)
16 creatures vanquished.

Grand Total: 159 creatures vanquished

Notes
Turn   | Place    | Note
-------+----------+-------------------------------------------
     0 | D:1      | mopl the Gnoll Monk began the quest for the Orb.
     0 | D:1      | Reached XP level 1. HP: 23/23 MP: 1/1
     1 | D:1      | Found a faded altar of an unknown god.
     7 | D:1      | Prayed at the altar of an unknown god.
     7 | D:1      | Became a worshipper of Uskayaw the Reveller
     7 | D:1      | Reached * piety under Uskayaw
     7 | D:1      | Reached ** piety under Uskayaw
    66 | D:1      | Reached XP level 2. HP: 29/29 MP: 2/2
   754 | D:1      | Reached XP level 3. HP: 35/35 MP: 3/3
   846 | D:2      | Reached skill level 1 in Invocations
   846 | D:2      | Reached *** piety under Uskayaw
   889 | D:2      | Reached skill level 1 in Short Blades
   889 | D:2      | Reached skill level 1 in Long Blades
   889 | D:2      | Reached skill level 1 in Axes
   889 | D:2      | Reached skill level 1 in Polearms
   889 | D:2      | Reached skill level 1 in Staves
   889 | D:2      | Reached skill level 1 in Slings
   889 | D:2      | Reached skill level 1 in Bows
   889 | D:2      | Reached skill level 1 in Crossbows
   889 | D:2      | Reached skill level 1 in Throwing
   889 | D:2      | Reached skill level 1 in Armour
   889 | D:2      | Reached skill level 1 in Shields
   889 | D:2      | Reached skill level 1 in Unarmed Combat
   889 | D:2      | Reached skill level 1 in Spellcasting
   889 | D:2      | Reached skill level 1 in Evocations
  1274 | D:2      | Reached XP level 4. HP: 35/41 MP: 5/5
  1494 | D:2      | Noticed Terence
  1509 | D:2      | Killed Terence
  1510 | D:2      | Reached skill level 1 in Conjurations
  1510 | D:2      | Reached skill level 1 in Hexes
  1510 | D:2      | Reached skill level 1 in Summonings
  1510 | D:2      | Reached skill level 1 in Necromancy
  1510 | D:2      | Reached skill level 1 in Translocations
  1510 | D:2      | Reached skill level 1 in Transmutations
  1510 | D:2      | Reached skill level 1 in Fire Magic
  1510 | D:2      | Reached skill level 1 in Ice Magic
  1510 | D:2      | Reached skill level 1 in Air Magic
  1510 | D:2      | Reached skill level 1 in Earth Magic
  1510 | D:2      | Reached skill level 1 in Poison Magic
  1576 | D:2      | Reached XP level 5. HP: 40/47 MP: 6/6
  1784 | D:3      | Found Kamacwul's Antique Armour Shop.
  1939 | D:3      | Found Xuiw's Book Shoppe.
  1970 | D:3      | Found Ekusiv's Antique Armour Boutique.
  2027 | D:3      | Found a snail-covered altar of Cheibriados.
  2709 | D:3      | Found a runed translucent door.
  2710 | D:3      | Noticed Crazy Yiuf
  2741 | D:3      | Noticed Grinder
  2775 | D:3      | Paralysed by Grinder for 7 turns
  2793 | D:3      | Killed Grinder
  2794 | D:3      | Reached skill level 2 in Short Blades
  2794 | D:3      | Reached skill level 2 in Long Blades
  2794 | D:3      | Reached skill level 2 in Axes
  2794 | D:3      | Reached skill level 2 in Polearms
  2794 | D:3      | Reached skill level 2 in Staves
  2794 | D:3      | Reached skill level 2 in Slings
  2794 | D:3      | Reached skill level 2 in Bows
  2794 | D:3      | Reached skill level 2 in Crossbows
  2794 | D:3      | Reached skill level 2 in Throwing
  2794 | D:3      | Reached skill level 2 in Armour
  2794 | D:3      | Reached skill level 2 in Shields
  2794 | D:3      | Reached skill level 2 in Unarmed Combat
  2794 | D:3      | Reached skill level 2 in Spellcasting
  2794 | D:3      | Reached skill level 2 in Invocations
  2794 | D:3      | Reached skill level 2 in Evocations
  2794 | D:3      | Reached XP level 6. HP: 53/53 MP: 7/9
  2998 | D:3      | Killed Crazy Yiuf
  3082 | D:4      | Identified the +5 flail of Ceott {flame, rF+ SInv Stlth+}
  3100 | D:4      | Reached XP level 7. HP: 55/59 MP: 10/10
  3230 | D:4      | Found a bloodstained altar of Trog.
  3534 | D:3      | Reached skill level 7 in Fighting
  3534 | D:3      | Reached skill level 7 in Maces & Flails
  3534 | D:3      | Reached skill level 7 in Dodging
  4037 | D:3      | Reached skill level 2 in Conjurations
  4037 | D:3      | Reached skill level 2 in Hexes
  4037 | D:3      | Reached skill level 2 in Summonings
  4037 | D:3      | Reached skill level 2 in Necromancy
  4037 | D:3      | Reached skill level 2 in Translocations
  4037 | D:3      | Reached skill level 2 in Transmutations
  4037 | D:3      | Reached skill level 2 in Fire Magic
  4037 | D:3      | Reached skill level 2 in Ice Magic
  4037 | D:3      | Reached skill level 2 in Air Magic
  4037 | D:3      | Reached skill level 2 in Earth Magic
  4037 | D:3      | Reached skill level 2 in Poison Magic
  4312 | D:4      | Reached skill level 5 in Stealth
  4315 | D:4      | Reached skill level 3 in Invocations
  4367 | D:4      | Noticed Dowan
  4368 | D:4      | Noticed Duvessa
  4394 | D:4      | Killed Duvessa
  4395 | D:4      | Reached XP level 8. HP: 65/67 MP: 12/12
  4397 | D:4      | Killed Dowan
  4397 | D:4      | Reached **** piety under Uskayaw
  4668 | D:4      | Noticed Sigmund
  4671 | D:4      | Killed Sigmund
  4672 | D:4      | Reached skill level 3 in Short Blades
  4672 | D:4      | Reached skill level 3 in Long Blades
  4672 | D:4      | Reached skill level 3 in Axes
  4672 | D:4      | Reached skill level 3 in Polearms
  4672 | D:4      | Reached skill level 3 in Staves
  4672 | D:4      | Reached skill level 3 in Slings
  4672 | D:4      | Reached skill level 3 in Bows
  4672 | D:4      | Reached skill level 3 in Crossbows
  4672 | D:4      | Reached skill level 3 in Throwing
  4672 | D:4      | Reached skill level 3 in Armour
  4672 | D:4      | Reached skill level 3 in Shields
  4672 | D:4      | Reached skill level 3 in Unarmed Combat
  4672 | D:4      | Reached skill level 3 in Spellcasting
  4672 | D:4      | Reached skill level 3 in Evocations
  4690 | D:4      | Noticed Edmund
  4696 | D:4      | Killed Edmund
  4843 | D:5      | Entered Level 5 of the Dungeon
  5022 | D:5      | Found a shimmering altar of Xom.
  5135 | D:5      | Found a hazy altar of Hepliaklqana.
  5144 | D:5      | Found a staircase to the Ecumenical Temple.
  5162 | Temple   | Entered the Ecumenical Temple
  5469 | D:5      | Noticed Menkaure
  5476 | D:5      | Killed Menkaure
  5477 | D:5      | Reached skill level 3 in Conjurations
  5477 | D:5      | Reached skill level 3 in Hexes
  5477 | D:5      | Reached skill level 3 in Summonings
  5477 | D:5      | Reached skill level 3 in Necromancy
  5477 | D:5      | Reached skill level 3 in Translocations
  5477 | D:5      | Reached skill level 3 in Transmutations
  5477 | D:5      | Reached skill level 3 in Fire Magic
  5477 | D:5      | Reached skill level 3 in Ice Magic
  5477 | D:5      | Reached skill level 3 in Air Magic
  5477 | D:5      | Reached skill level 3 in Earth Magic
  5477 | D:5      | Reached skill level 3 in Poison Magic
  5477 | D:5      | Reached skill level 4 in Invocations
  5806 | D:6      | You fall into a shaft and drop 3 floors!
  5840 | D:9      | Noticed a yak
  5841 | D:9      | Noticed a yak
  5843 | D:9      | Noticed a yak
  5853 | D:9      | Killed a yak
  5854 | D:9      | Reached XP level 9. HP: 68/73 MP: 14/14
  5868 | D:9      | Reached skill level 4 in Short Blades
  5868 | D:9      | Reached skill level 4 in Long Blades
  5868 | D:9      | Reached skill level 4 in Axes
  5868 | D:9      | Reached skill level 4 in Polearms
  5868 | D:9      | Reached skill level 4 in Staves
  5868 | D:9      | Reached skill level 4 in Slings
  5868 | D:9      | Reached skill level 4 in Bows
  5868 | D:9      | Reached skill level 4 in Crossbows
  5868 | D:9      | Reached skill level 4 in Throwing
  5868 | D:9      | Reached skill level 4 in Armour
  5868 | D:9      | Reached skill level 4 in Shields
  5868 | D:9      | Reached skill level 4 in Unarmed Combat
  5868 | D:9      | Reached skill level 4 in Spellcasting
  5868 | D:9      | Reached skill level 4 in Evocations
  5869 | D:9      | Reached ***** piety under Uskayaw
  6055 | D:9      | Reached skill level 6 in Stealth
  6316 | D:9      | Found a staircase to the Orcish Mines.
  6564 | D:9      | Reached skill level 8 in Fighting
  6564 | D:9      | Reached skill level 8 in Maces & Flails
  6564 | D:9      | Reached skill level 8 in Dodging
  6702 | D:9      | Noticed a two-headed ogre
  6724 | D:8      | Found Zailopp's Book Boutique.
  6727 | D:8      | Found a shadowy altar of Dithmenos.
  6729 | D:7      | Found a flagged portal.
  6736 | D:7      | Reached skill level 5 in Invocations
  6772 | Bailey   | Entered a bailey
  7336 | Bailey   | HP: 4/111 [orc warrior/+0 glaive (17)]
  7336 | Bailey   | Slain by an orc warrior

Illustrated notes

Levels and vault maps discovered:
D:1:      grunt_arrival_crossed_arrows, layout_basic, basic_ecumenical_altar,
          minmay_pentomino_x4
D:2:      layout_loops_ring, minmay_gold_behind_fungi, st_stairs_8,
          serial_park_tiny_1, uniq_terence
D:3:      layout_loops_corners, mainiacjoe_overflow_surrounded_room,
          serial_shops, shop, nicolae_shop_advertising_works
          [nicolae_subvault_shop_adworks], shop, minmay_surrounded,
          uniq_grinder, uniq_crazy_yiuf_cottage
D:4:      layout_cave_pods, lightli_temple_of_fire, glass_columns_c,
          sigmund_edmund_badplayer, uniq_duvessa
D:5:      layout_cave_pods, kennysheep_little_box, lemuel_tele_altar,
          minmay_temple_entry_drinking_statues, uniq_menkaure
D:6:      layout_layer_cave, uniq_maggie, uniq_edmund, uniq_prince_ribbit1
D:7:      layout_loops_corners, overflow_temple_1_default, enter_bailey_5,
          dreamdust_mushroom_princess
D:8:      layout_loops_ring, lemuel_coloured_pillars_altar,
          mainiacjoe_overflow_concentric_impassable, lair_entry_dummy,
          serial_shops, shop, shop
D:9:      layout_loops_cross, minmay_orc_entry_guard_dogs
Temple:   minmay_freezing_vapour_temple
Bailey:   bailey_polearm_elven_captive_hellmonk, bailey

Skill      XL: |  1  2  3  4  5  6  7  8  9 |
---------------+----------------------------+-----
Invocations    | 1 2 3 4 5 |  5.0
Short Blades   | 1 2 3 4 |  4.5
Long Blades    | 1 2 3 4 |  4.5
Axes           | 1 2 3 4 |  4.5
Polearms       | 1 2 3 4 |  4.5
Staves         | 1 2 3 4 |  4.5
Slings         | 1 2 3 4 |  4.5
Bows           | 1 2 3 4 |  4.5
Crossbows      | 1 2 3 4 |  4.5
Throwing       | 1 2 3 4 |  4.5
Armour         | 1 2 3 4 |  4.5
Shields        | 1 2 3 4 |  4.5
Unarmed Combat | 1 2 3 4 |  4.5
Spellcasting   | 1 2 3 4 |  4.5
Evocations     | 1 2 3 4 |  4.5
Conjurations   | 1 2 3 |  3.7
Hexes          | 1 2 3 |  3.7
Summonings     | 1 2 3 |  3.7
Necromancy     | 1 2 3 |  3.7
Translocations | 1 2 3 |  3.7
Transmutations | 1 2 3 |  3.7
Fire Magic     | 1 2 3 |  3.7
Ice Magic      | 1 2 3 |  3.7
Air Magic      | 1 2 3 |  3.7
Earth Magic    | 1 2 3 |  3.7
Poison Magic   | 1 2 3 |  3.7
Fighting       | 7 8 |  8.1
Maces & Flails | 7 8 |  8.1
Dodging        | 7 8 |  8.1
Stealth        | 5 6 |  6.2

Action                   |  1- 3 |  4- 6 |  7- 9 || total
-------------------------+-------+-------+-------++-------
Melee: Mace              |    91 |   131 |       ||   222
       Bite              |     4 |    14 |    18 ||    36
       Punch             |     2 |     2 |     7 ||    11
       Flail             |       |     5 |   207 ||   212
 Fire: Hunting sling     |       |       |    14 ||    14
       Shortbow          |       |       |     3 ||     3
Invok: Line Pass         |     1 |       |     2 ||     3
       Stomp             |       |     1 |       ||     1
Evoke: Wand              |       |     4 |     5 ||     9
  Use: Scroll            |       |     4 |     1 ||     5
       Potion            |       |     1 |     1 ||     2
 Stab: Sleeping          |     5 |     3 |       ||     8
       Paralysed         |       |     9 |    15 ||    24
Armor: Robe              |     1 |       |       ||     1
       Ring mail         |    47 |     7 |       ||    54
       Chain mail        |       |    75 |   128 ||   203
       Skin              |       |     5 |     1 ||     6
Dodge: Dodged            |    77 |    66 |    92 ||   235

Table legend: (Time is in decaauts)
 A = Elapsed time spent in this place.
 B = Non-inter-level travel time spent in this place.
 C = Inter-level travel time spent in this place.
 D = Time resting spent in this place.
 E = Time spent auto-exploring this place.
 F = Levels seen in this place.
 G = Mean time per level.
                   A        B        C        D        E       F      G
               +--------+--------+--------+--------+--------+-----+--------+
         Total |   7379 |   7050 |    329 |   2147 |   3534 |  11 |  670.8 |
       Dungeon |   6780 |   6451 |    329 |   1683 |   3526 |   9 |  753.3 |
        Temple |     34 |     34 |      0 |     22 |      0 |   1 |   34.0 |
        Bailey |    565 |    565 |      0 |    442 |      8 |   1 |  565.0 |
               +--------+--------+--------+--------+--------+-----+--------+

Top non-repeatable levels by time:
     D:3: 2129 daAuts
     D:2: 1027 daAuts
     D:4: 1002 daAuts
     D:9: 918 daAuts
     D:5: 834 daAuts
     D:1: 802 daAuts
  Bailey: 565 daAuts
     D:7: 50 daAuts
  Temple: 34 daAuts
     D:6: 8 daAuts
     D:8: 5 daAuts
